 Dungeon Crawl Stone Soup version 0.25-a0-21-ga5a8db46c7 (webtiles) character file.

Game seed: 7110010239773731636, levelgen mode: deterministic

14836 Ijustatesigmund the Cleaver (level 12, 0/111 HPs)
             Began as a Hill Orc Fighter on Oct 16, 2019.
             Was a High Priest of Cheibriados.
             Killed by vampiric draining
             ... invoked by a vampire
              (2 damage)
             ... on level 13 of the Dungeon.
             The game lasted 00:20:54 (11452 turns).

Ijustatesigmund the Cleaver (Hill Orc Fighter)     Turns: 11452, Time: 00:20:55

Health: 0/111      AC: 12    Str: 35    XL:     12   Next: 20%
Magic:  17/21      EV:  7    Int: 22    God:    Cheibriados [*****.]
Gold:   944        SH: 22    Dex: 22    Spells: 11/11 levels left

rFire    . . .     SeeInvis .   a - +1 broad axe
rCold    + . .     Gourm    .   c - +1 large shield {AC+3}
rNeg     . . .     Faith    .   b - +2 ring mail of Pinaiguf {rPois rC+ Str+4}
rPois    +         Spirit   .   (no helmet)
rElec    .         Reflect  .   (no cloak)
rCorr    +         Harm     .   o - +1 pair of gloves
MR       ++...                  n - +1 pair of boots
Stlth    +.........             (no amulet)
HPRegen  0.28/turn              p - ring of protection from magic
MPRegen  0.17/turn              z - ring of resist corrosion

@: lightly drained, very slow
A: hooves 1, deformed body, magic resistance 1, screaming 1
a: Bend Time, Temporal Distortion, Slouch, Step From Time, Renounce Religion


You were on level 13 of the Dungeon.
You worshipped Cheibriados.
Cheibriados was extremely pleased with you.
You were not hungry.

You visited 2 branches of the dungeon, and saw 14 of its levels.
You also visited: Ossuary.

You collected 944 gold pieces.

Inventory:

Hand Weapons
 a - a +1 broad axe (weapon)
 k - a +1 hand axe of flaming
 D - the +2 Maxwell's thermic engine {flame, freeze}
   (You found it on level 8 of the Dungeon)

   It has been specially enchanted to burn those struck by it, causing extra
   injury to most foes and up to half again as much damage against particularly
   susceptible opponents.
   Big, fiery blades are also staple armaments of hydra-hunters.
   It has been specially enchanted to freeze those struck by it, causing extra
   injury to most foes and up to half again as much damage against particularly
   susceptible opponents.
Armour
 b - the +2 ring mail of Pinaiguf (worn) {rPois rC+ Str+4}
   (You found it on level 5 of the Dungeon)

   It affects your strength (+4).
   It protects you from cold.
   It protects you from poison.
 c - a +1 large shield of protection (worn)
 n - a +1 pair of boots (worn)
 o - a +1 pair of gloves (worn)
 B - a +1 scale mail of fire resistance
Jewellery
 p - a ring of protection from magic (left hand)
 z - a ring of resist corrosion (right hand)
Wands
 i - a wand of flame (43)
 r - a wand of polymorph (9)
 s - a wand of digging (3)
 A - a wand of clouds (4)
Scrolls
 j - 11 scrolls of teleportation
 m - a scroll of remove curse
 q - 2 scrolls of identify
 w - a scroll of magic mapping
 y - a scroll of amnesia
 G - a scroll of fog
Potions
 d - 2 potions of might
 e - 5 potions of lignification
 g - a potion of curing
 h - a potion of flight
 l - a potion of resistance
 t - 5 potions of brilliance
 u - 2 potions of haste {unknown}
 v - 2 potions of berserk rage {unknown}
Comestibles
 f - 27 rations


   Skills:
 + Level 11.7(11.2) Fighting
 + Level 13.4(12.9) Axes
 - Level 3.8(3.4) Armour
 + Level 10.7(10.2) Shields
 + Level 12.2(11.7) Invocations


You had 11 spell levels left.
You didn't know any spells.
Your spell library contained the following spells:

 Spells                   Type           Power        Failure   Level  Hunger
 Freeze                   Ice            #...         83%         1    ##.....
 Sandblast                Erth           #.....       83%         1    ##.....
 Summon Butterflies       Summ           #.......     83%         1    ##.....
 Passwall                 Tmut/Erth      #.......     92%         2    ###....
 Throw Frost              Conj/Ice       #.....       92%         2    ###....
 Call Canine Familiar     Summ           #.......     99%         3    ####...
 Ozocubu's Armour         Chrm/Ice       #.......     99%         3    ####...
 Stone Arrow              Conj/Erth      #.....       99%         3    ####...
 Petrify                  Tmut/Erth      #.......     100%        4    #####..
 Summon Ice Beast         Ice/Summ       #.......     100%        4    #####..
 Throw Icicle             Conj/Ice       #.......     100%        4    #####..
 Lee's Rapid Deconstruct  Erth           #.........   100%        5    ######.
 Summon Mana Viper        Hex/Summ       #.......     100%        5    ######.
 Summon Hydra             Summ           #.........   100%        7    #######


Dungeon Overview and Level Annotations

Branches:
Dungeon (13/15)            Temple (1/1) D:7            Lair (0/6) D:8
    Orc (0/2) D:11        Ossuary (visited)
 Vaults: D:13-14

Altars:
Ashenzari
Cheibriados
Dithmenos
Elyvilon
Fedhas
Gozag
Hepliaklqana
Kikubaaqudgha
Makhleb
Nemelex Xobeh
Okawaru
Qazlal
Ru
Sif Muna
Trog
Uskayaw
Vehumet
Wu Jian
Xom
Yredelemnul
Zin
The Shining One


Innate Abilities, Weirdness & Mutations

You have large cloven feet.
Armour fits poorly on your strangely shaped body.
You are resistant to hostile enchantments. (MR+)
You occasionally shout uncontrollably at your foes.


Message History

The vampire draws life force from you and is healed!
You block the white ugly thing's attack.
Okay, then.
As you read the scroll of fear, it crumbles to dust.
You assume a fearsome visage.
The vampire is unaffected.
The white ugly thing looks frightened!
The vampire hits you!
* * * LOW HITPOINT WARNING * * *
The vampire bites you but does no damage.
You completely miss the vampire.
The vampire is heavily damaged.
You block the vampire's attack. x2
You closely miss the vampire.
The vampire is heavily damaged.
The vampire hits you!
* * * LOW HITPOINT WARNING * * *
You block the vampire's attack.
You hit the vampire.
The vampire is heavily damaged.
The vampire is infused with unholy energy.
You die...

#.# #.# #.# #.# .
#.#####..
#........ ##
#)V...... .
#@...u...
#.#######..# #.#
#..# #.# #..# #.#
#..# #.#######..#
#..........#
#..........#######
#................>


You could see a white ugly thing (fleeing) and a vampire.

Vanquished Creatures
  Josephine (D:11)
  A hydra (D:11)
  A centaur warrior (D:8)
  2 two-headed ogres
  An ugly thing (D:11)
  A deep elf mage (D:13)
  A kobold demonologist (D:12)
  Prince Ribbit (D:6)
  A hornet (D:12)
  3 hippogriffs
  17 yaks
  Eustachio (D:6)
  A wyvern (D:11)
  3 wraiths (D:11)
  A steam dragon (D:11)
  A basilisk (D:8)
  A hungry ghost (D:11)
  A water moccasin (D:6)
  4 porcupines (D:8)
  A sky beast (D:8)
  7 orc warriors
  An ice beast (D:11)
  7 ogres
  3 phantoms
  2 centaurs (D:9)
  2 crocodiles (D:8)
  2 big kobolds
  8 bullfrogs
  A wyvern zombie (D:10)
  3 scorpions
  9 killer bees
  2 howler monkeys (D:11)
  6 crimson imps
  5 jellies
  3 centaur zombies
  7 hounds
  12 orc wizards
  7 orc priests
  A bullfrog skeleton (D:11)
  Natasha (twice) (D:4)
  4 iguanas
  12 worker ants
  A killer bee zombie (D:7)
  A big kobold zombie (Ossuary)
  2 hound zombies
  2 hound skeletons
  8 mummies (Ossuary)
  A howler monkey zombie (D:6)
  A howler monkey skeleton (D:4)
  7 gnolls
  12 adders
  2 shadow imps
  3 oozes
  A worm (D:2)
  A dart slug (D:1)
  7 leopard geckos
  34 orcs
  5 giant cockroaches
  6 goblins
  5 hobgoblins
  27 jackals
  4 quokkas
  3 ball pythons
  9 bats
  3 frilled lizards
  3 gnoll zombies
  3 hobgoblin zombies (Ossuary)
  A jackal skeleton (D:4)
  16 kobolds
  2 kobold zombies (Ossuary)
  A leopard gecko skeleton (D:6)
  An orc zombie (Ossuary)
  9 rats
331 creatures vanquished.

Vanquished Creatures (others)
  An adder (D:4)
  A dart slug (D:4)
  A quokka (D:4)
  2 fungi (D:8)
  A plant (D:8)
6 creatures vanquished.

Grand Total: 337 creatures vanquished

Notes
Turn   | Place    | Note
-------+----------+-------------------------------------------
     0 | D:1      | Ijustatesigmund the Hill Orc Fighter began the quest for
                  | the Orb.
     0 | D:1      | Reached XP level 1. HP: 19/19 MP: 1/1
    53 | D:1      | Reached skill level 3 in Axes
    70 | D:1      | Reached XP level 2. HP: 19/26 MP: 2/2
    83 | D:1      | Reached skill level 4 in Axes
   260 | D:1      | Reached XP level 3. HP: 28/31 MP: 3/3
   452 | D:1      | Reached skill level 5 in Axes
   757 | D:2      | Reached skill level 6 in Axes
   757 | D:2      | Reached XP level 4. HP: 30/39 MP: 4/4
  1025 | D:2      | Reached XP level 5. HP: 43/46 MP: 5/5
  1827 | D:3      | Found a basalt altar of Yredelemnul.
  1909 | D:4      | Noticed a hippogriff
  1928 | D:4      | Killed a hippogriff
  1928 | D:4      | Reached skill level 7 in Axes
  1928 | D:4      | Reached XP level 6. HP: 43/55 MP: 6/6
  1955 | D:4      | Reached skill level 5 in Fighting
  2015 | D:4      | Reached XP level 7. HP: 43/61 MP: 7/7
  2154 | D:4      | Found a shimmering altar of Xom.
  2178 | D:4      | Found a bloodstained altar of Trog.
  2213 | D:4      | Reached skill level 8 in Axes
  2380 | D:4      | Noticed Natasha
  2394 | D:4      | Killed Natasha
  2517 | D:4      | Noticed Natasha
  2534 | D:4      | Killed Natasha
  2699 | D:4      | Reached skill level 5 in Shields
  3449 | D:5      | Entered Level 5 of the Dungeon
  3492 | D:5      | Reached XP level 8. HP: 33/71 MP: 8/8
  3773 | D:5      | Reached skill level 9 in Axes
  3877 | D:5      | Got a faintly humming ring mail
  3883 | D:5      | Identified the +2 ring mail of Pinaiguf {rPois rC+ Str+4}
                  | (You found it on level 5 of the Dungeon)
  4100 | D:5      | Found a shimmering blue altar of Sif Muna.
  4232 | D:6      | Noticed Eustachio
  4257 | D:6      | Found a sand-covered staircase.
  4261 | Ossuary  | Entered an ossuary
  4741 | D:6      | Killed Eustachio
  5188 | D:6      | Reached skill level 10 in Axes
  5188 | D:6      | Reached XP level 9. HP: 64/81 MP: 9/9
  5418 | D:6      | Noticed Prince Ribbit
  5443 | D:6      | Killed Prince Ribbit
  5764 | D:7      | Found a staircase to the Ecumenical Temple.
  5826 | Temple   | Entered the Ecumenical Temple
  5873 | Temple   | Became a worshipper of Cheibriados the Contemplative
  5971 | D:7      | Reached skill level 1 in Invocations
  6112 | D:7      | Found a shadowy altar of Dithmenos.
  6112 | D:7      | Found a shimmering altar of Xom.
  6276 | D:8      | Found an ornate altar of the Wu Jian Council.
  6516 | D:8      | Found a sparkling altar of Nemelex Xobeh.
  6544 | D:8      | Reached * piety under Cheibriados
  6544 | D:8      | Reached skill level 11 in Axes
  6719 | D:8      | Noticed a centaur warrior
  6735 | D:8      | Killed a centaur warrior
  6735 | D:8      | Reached skill level 5 in Invocations
  6735 | D:8      | Reached XP level 10. HP: 86/91 MP: 11/14
  6802 | D:8      | Found the +2 Maxwell's thermic engine {flame, freeze}
  6945 | D:8      | Reached skill level 10 in Fighting
  7036 | D:8      | Reached ** piety under Cheibriados
  7183 | D:8      | Noticed a two-headed ogre
  7189 | D:8      | Killed a two-headed ogre
  7189 | D:8      | Reached skill level 12 in Axes
  7339 | D:8      | Found a staircase to the Lair.
  7569 | D:9      | Reached XP level 11. HP: 101/101 MP: 17/17
  8028 | D:9      | Found a burning altar of Makhleb.
  8028 | D:9      | Noticed a blizzard demon
  8071 | D:9      | Reached *** piety under Cheibriados
  8344 | D:10     | Entered Level 10 of the Dungeon
  8679 | D:10     | Gained mutation: You are resistant to hostile enchantments.
                  | (MR+) [potion of mutation]
  8679 | D:10     | Gained mutation: Armour fits poorly on your strangely
                  | shaped body. [potion of mutation]
  8679 | D:10     | Gained mutation: You occasionally shout uncontrollably at
                  | your foes. [potion of mutation]
  8679 | D:10     | Gained mutation: You have large cloven feet. [potion of
                  | mutation]
  8907 | D:10     | Reached **** piety under Cheibriados
  9361 | D:11     | Noticed Josephine
  9376 | D:11     | Killed Josephine
  9376 | D:11     | Reached skill level 10 in Invocations
  9380 | D:11     | Reached skill level 10 in Shields
  9593 | D:11     | Noticed an eight-headed hydra
  9598 | D:11     | Killed a six-headed hydra
  9850 | D:11     | Found a staircase to the Orcish Mines.
  9852 | D:11     | Reached ***** piety under Cheibriados
  9930 | D:11     | Reached skill level 13 in Axes
 10361 | D:11     | Noticed a white ugly thing
 10367 | D:11     | Killed a white ugly thing
 10784 | D:12     | Reached XP level 12. HP: 107/110 MP: 20/20
 10800 | D:12     | Noticed a two-headed ogre
 10805 | D:12     | Killed a two-headed ogre
 10970 | D:12     | Found a radiant altar of Vehumet.
 11451 | D:13     | HP: 1/111 [vampire (10)]
 11452 | D:13     | Killed from afar by a vampire

Levels and vault maps discovered:
D:1:      shiori_arrival_maze, layout_loops_ring
D:2:      layout_rooms
D:3:      layout_rooms, lemuel_zombie_altar_yredelemnul, first_ration,
          hangedman_decor_slide_cut
D:4:      layout_layer_cave, bloody_trog, xom_confusion_cloud, uniq_natasha
D:5:      layout_rooms, hangedman_abyss_or_decor_passed, lemuel_blue_sif_altar
D:6:      layout_loops_ring, nicolae_ossuary_entry_plus,
          minmay_a_box_with_orc_wizards_in_it, uniq_eustachio,
          uniq_prince_ribbit1
D:7:      layout_rooms, nicolae_overflow_hidden_temple,
          minmay_temple_entry_drinking_statues
D:8:      layout_cave_pods, nemelex_xobeh_ov_fountains_minmay,
          overflow_temple_1_default, minmay_lair_entry_grove,
          blue_anna_alchemist [blue_anna_fruit_fields, blue_anna_fruit_fields],
          minmay_microvault
D:9:      layout_stronghold, makhleb_altar_promises_db
D:10:     layout_cave_pods, eino_jars
D:11:     layout_layer_cave, david_orc_2, uniq_josephine
D:12:     layout_basic, basic_altar
D:13:     layout_small_grid, kennysheep_generic_room_12
Temple:   eino_wide_crystal_templ

Skill      XL: |  1  2  3  4  5  6  7  8  9 10 11 12 |
---------------+-------------------------------------+-----
Axes           | 3 4 6 7 8 10 11 12 13 | 13.4
Fighting       | 4 5 6 7 9 10 11 | 11.7
Shields        | 4 5 6 8 9 10 | 10.7
Invocations    | 5 8 11 12 | 12.2
Armour         | |  3.8

Action                   |  1- 3 |  4- 6 |  7- 9 | 10-12 || total
-------------------------+-------+-------+-------+-------++-------
Melee: War axe           |   121 |    22 |       |       ||   143
       Hand axe          |       |   116 |   494 |     9 ||   619
       Broad axe         |       |       |    43 |   385 ||   428
Invok: Slouch            |       |       |       |     1 ||     1
Evoke: Wand              |       |       |       |     4 ||     4
  Use: Scroll            |       |     7 |    11 |     7 ||    25
       Potion            |       |     1 |     2 |     2 ||     5
 Stab: Distracted        |       |       |       |     1 ||     1
  Eat: Chunk             |       |     4 |     9 |     5 ||    18
       Ration            |       |       |     2 |     2 ||     4
Armor: Scale mail        |    78 |    72 |    36 |       ||   186
       Ring mail         |       |       |   103 |   103 ||   206
Dodge: Dodged            |    42 |    38 |    59 |    52 ||   191
Block: Shield            |    78 |    47 |       |       ||   125
       Large shield      |       |    49 |   393 |   398 ||   840

Table legend:
 A = Non-vault XP
 B = Vault XP
 C = Vault XP percentage of total XP
 D = Non-vault monster count
 E = Vault monster count
 F = Vault count percentage of total count
                 A         B        C        D         E       F
            +---------+---------+-------+---------+---------+-------
      Total |   14944 |    6251 |  29.5 |     270 |      61 |  18.4
            +---------+---------+-------+---------+---------+-------
        D:1 |      71 |       3 |   4.1 |      35 |       2 |   5.4
        D:2 |     113 |       0 |   0.0 |      20 |       0 |   0.0
        D:3 |      82 |       3 |   3.5 |      16 |       2 |  11.1
        D:4 |     685 |     137 |  16.7 |      29 |       5 |  14.7
        D:5 |     423 |       0 |   0.0 |      12 |       0 |   0.0
        D:6 |     790 |     534 |  40.3 |      21 |       3 |  12.5
        D:7 |     717 |       0 |   0.0 |      24 |       0 |   0.0
        D:8 |    1517 |    3021 |  66.6 |      17 |      15 |  46.9
        D:9 |    1875 |       0 |   0.0 |      26 |       0 |   0.0
       D:10 |     740 |     434 |  37.0 |      18 |       7 |  28.0
       D:11 |    4000 |    1936 |  32.6 |      33 |      11 |  25.0
       D:12 |    3233 |       0 |   0.0 |      16 |       0 |   0.0
       D:13 |     698 |       0 |   0.0 |       3 |       0 |   0.0
    Ossuary |       0 |     183 | 100.0 |       0 |      16 | 100.0
            +---------+---------+-------+---------+---------+-------
